 Seeded DCSS version 0.30.1-4-g462c640d31 (webtiles) character file.

Game seed: 6351066067085065685 (custom seed)

12 Esekla the Grave Robber (level 2, -1/15 HPs)
             Began as a Deep Elf Necromancer on Aug 14, 2023.
             Was an Initiate of Vehumet.
             Slain by a hound (4 damage)
             ... on level 3 of the Dungeon.
             The game lasted 00:04:59 (664 turns).

Esekla the Grave Robber (Deep Elf Necromancer)       Turns: 664, Time: 00:04:59

Health: -1/15      AC:  4    Str:  5    XL:     2   Next: 20%
Magic:  8/8        EV: 13    Int: 19    God:    Vehumet [......]
Gold:   82         SH:  0    Dex: 15    Spells: 6/7 levels left

rFire   . . .        c - +0 short sword
rCold   . . .        (no shield)
rNeg    . . .        a - +0 robe
rPois   .            g - +0 helmet
rElec   .            (no cloak)
rCorr   .            i - +0 pair of gloves
SInv    .            (no boots)
Will    .....        (no amulet)
Stlth   ++           (no ring)
HPRegen 0.22/turn    (no ring)
MPRegen 0.11/turn

%: no passive effects
@: no status effects
A: no striking features
a: Renounce Religion


You were on level 3 of the Dungeon.
You worshipped Vehumet.
Vehumet was noncommittal.
You visited 1 branch of the dungeon, and saw 4 of its levels.

You collected 82 gold pieces.

Inventory:

Hand Weapons
 c - a +0 short sword (weapon)
Armour
 a - a +0 robe (worn)
 g - a +0 helmet (worn)
 i - a +0 pair of gloves (worn)
Scrolls
 k - a scroll of amnesia {unknown}
 l - a scroll of enchant armour {unknown}
Potions
 b - a potion of magic
 d - a potion of ambrosia {unknown}
 f - a potion of mutation {unknown}
 h - a potion of curing {unknown}
 j - a potion of attraction {unknown}


   Skills:
 + Level 0.1 Short Blades
 * Level 2.7 Dodging
 + Level 2.6 Stealth
 * Level 3.1 Spellcasting
 + Level 5.2 Necromancy


You had 6 spell levels left.
You knew the following spells:

 Your Spells              Type           Power      Damage    Failure   Level
a - Necrotise             Necr           88%        1d8       1%          1

Your spell library contained the following spells:

 Spells                   Type           Power      Damage    Failure   Level
 Vampiric Draining        Necr           22%        2d7       5%          3
 Animate Dead             Necr           22%        N/A       19%         4
 Agony                    Necr           22%        N/A       45%         5


Dungeon Overview and Level Annotations

Branches:
Dungeon (4/15)
 Temple: D:4-7

Altars:
Hepliaklqana
Okawaru
Qazlal
Trog
Vehumet
Zin


Message History

The hound is moderately wounded.
The hound barely misses you. x2
You hit the hound but do no damage.
The hound is moderately wounded.
The hound bites you.
You hit the hound.
The hound is heavily wounded.
The hound misses you. The hound barely misses you.
You closely miss the hound.
The hound is heavily wounded.
The hound barely misses you.
You closely miss the hound.
The hound is heavily wounded.
The hound bites you. x2
You miss the hound.
The hound is heavily wounded.
The hound completely misses you.
You hit the hound.
The hound is severely wounded.
The hound misses you. x2
You barely miss the hound.
The hound is severely wounded.
The hound bites you.
You miss the hound.
The hound is severely wounded.
The hound bites you. The hound bites you but does no damage.
You hit the hound.
The hound is almost dead.
The hound bites you but does no damage.
You closely miss the hound.
The hound is almost dead.
The hound misses you. The hound barely misses you.
You barely miss the hound.
The hound is almost dead.
The hound bites you.
* * * LOW HITPOINT WARNING * * *
You closely miss the hound.
The hound is almost dead.
The hound bites you.
You die...

#######....# #....# #....#
#....# ###### #....# ##......
###########....###......###.
...................h.._....#.
###########.####.##.........#
#.# #@#..........# #.#
#.h....8.._..# #.#
###..........# #.# ##._.....#
#.# #.......# #.# ###....##
#.# #.##.# #.# #....# #.#
####.#


You could see a hound.

Vanquished Creatures
  A dart slug (D:3)
  2 ball pythons (D:1)
  A goblin (D:3)
  2 hobgoblins (D:3)
  A bat (D:3)
  A frilled lizard (D:3)
  2 kobolds
10 creatures vanquished.

Notes
Turn   | Place    | Note
-------+----------+-------------------------------------------
     0 | D:1      | Esekla the Deep Elf Necromancer began the quest for the
                  | Orb.
     0 | D:1      | Reached XP level 1. HP: 10/10 MP: 6/6
   220 | D:4      | Found an iron altar of Okawaru.
   284 | D:4      | Found a glowing silver altar of Zin.
   304 | D:4      | Found a radiant altar of Vehumet.
   308 | D:4      | Became a worshipper of Vehumet
   355 | D:4      | Reached skill level 5 in Necromancy
   444 | D:3      | Reached XP level 2. HP: 13/15 MP: 8/8
   610 | D:3      | Found a hazy altar of Hepliaklqana.
   612 | D:3      | Found a bloodstained altar of Trog.
   613 | D:3      | Found a stormy altar of Qazlal.
   664 | D:3      | Slain by a hound

Illustrated notes

Levels and vault maps discovered:
D:1:      sevenhm_arrival_forest_fort_small_3, layout_rooms,
          chequers_serial_rivers_room_b, minmay_misc_feat_five
D:2:      layout_loops_ring, dreamdust_ecumenical_altar_angels_and_demons,
          serial_shops, shop
D:3:      layout_basic, grunt_temple_overflow_open, minmay_misc_feat_iff
D:4:      layout_basic, nicolae_overflow_quartered_altars, serial_shops,
          nicolae_diamond_shop

Skill      XL: |  1 |
---------------+----+-----
Necromancy     | 5 |  5.2
Short Blades   | |  0.1
Dodging        | |  2.7
Stealth        | |  2.6
Spellcasting   | |  3.1

Action                     || total
---------------------------++-------
  Melee: Short sword       ||    61
         Unarmed           ||     9
    Use: Scroll            ||     1
 Armour: Robe              ||    20
  Dodge: Dodged            ||    53
